Map: Ulrena

Players

MarTeLLo - Winner!

  • Race: Terran Terran

ILLBdA

  • Race: Zerg Zerg
  • League: Diamond

VOD

Have the link to the VOD?

Description

Time

  • Played on: Jan. 3, 2016, 8:47 p.m.
  • Length: 3:11
Show
View Real Time Build Order
Export as new Build Order

MarTeLLo Terran - Winner!

Build Orders:  

Get SALT Encoding   

  12  0:00  SCV  
  13  0:13  SCV  
  14  0:20  Supply Depot  
  14  0:25  SCV  
  15  0:42  SCV  
  16  0:43  Barracks  
  16  0:49  Refinery  
  16  0:54  SCV  
  17  1:05  Barracks  
  17  1:08  SCV  
  18  1:26  Barracks  
  18  1:33  Refinery  
  18  1:35  Reaper  
  19  1:45  SCV  
  20  1:47  Supply Depot  
  20  1:52  Reaper  
  21  2:07  Reaper  
  21  2:14  Orbital Command  
  21  2:18  Reaper  
  22  2:26  Reaper  
  25  2:54  SCV  
Show
View Real Time Build Order
Export as new Build Order

ILLBdA Zerg 

Build Orders: Pool First 

Get SALT Encoding   

  12  0:01  Drone  
  13  0:12  Overlord  
  13  0:17  Drone  
  14  0:30  Drone x2  
  16  0:45  Drone, Spawning Pool  
  16  0:48  Extractor  
  15  0:50  Drone  
  15  0:57  Drone  
  17  1:09  Drone  
  18  1:17  Drone  
  19  1:31  Queen  
  19  1:32  Zergling x2  
  22  1:44  Hatchery  
  21  1:47  Overlord  
  21  2:06  Evolution Chamber  
  21  2:07  Drone x2  
  22  2:14  Evolution Chamber  
  21  2:17  Pneumatized Carapace  
  21  2:22  Extractor  
  19  2:47  Roach Warren  
  19  2:50  Drone x3  
  21  2:53  Overlord x2  
  21  2:58  Drone x2  
Tags
 
League
Diamond
Matchup
TvZ
Opening
Pool First
Replay Pack
me
Add a new tag
Caveats
  • Supply blocks, unpowered buildings, or Contaminate may cause inaccurate times.
  • Supply counts are checked every 10 seconds.